 Dungeon Crawl Stone Soup version 0.32-a0-961-gd60f5e5fc7 (webtiles) character file.

Game seed: 164977777923118768

2648 uglyjohn the Geomancer (level 9, 0/56 HPs)
             Began as a Gargoyle Earth Elementalist on Apr 17, 2024.
             Was a Follower of Vehumet.
             Slain by a yak (7 damage)
             ... on level 9 of the Dungeon.
             The game lasted 00:16:52 (5354 turns).

uglyjohn the Geomancer (GrEE)                       Turns: 5354, Time: 00:16:52

Health: 0/56       AC: 12    Str: 13    XL:     9   Next: 62%
Magic:  2/21       EV: 11    Int: 19    God:    Vehumet [*.....]
Gold:   318        SH:  0    Dex: 10    Spells: 4/12 levels left

rFire   . . .        u - staff of earth
rCold   . . .        (no shield)
rNeg    + . .        I - +0 steam dragon scales
rPois   ∞            (no helmet)
rElec   +            (no cloak)
rCorr   .            (no gloves)
SInv    +            (no boots)
Will    .....        (no amulet)
Stlth   ++           m - ring of magical power
HPRegen 0.29/turn    (no ring)
MPRegen 0.17/turn

%: no passive effects
@: no status effects
A: sickness immunity, AC +6, negative energy resistance 1, electricity
resistance, torment resistance 1, petrification resistance
a: Renounce Religion


You were on level 9 of the Dungeon.
You worshipped Vehumet.
Vehumet was aware of your devotion.
You visited 2 branches of the dungeon, and saw 8 of its levels.

You collected 430 gold pieces.
You spent 112 gold pieces at shops.

Inventory:

Hand Weapons
 s - a +0 quarterstaff
Armour
 a - a +0 robe
 k - a +0 scale mail
 l - a +0 ring mail
 I - +0 steam dragon scales (worn)
Magical Staves
 u - a staff of earth (weapon)
Jewellery
 h - an amulet of faith
 m - a ring of magical power (left hand)
 z - a ring of ice
 H - a ring of resist corrosion
Wands
 y - a wand of light (7)
 A - a wand of polymorph (7)
Scrolls
 f - a scroll of noise {unknown}
 g - 4 scrolls of teleportation
 i - 3 scrolls of identify
 n - 4 scrolls of fog {unknown}
 o - a scroll of revelation
 v - a scroll of blinking {unknown}
 x - a scroll of immolation {unknown}
 B - a scroll of torment {unknown}
 C - a scroll of brand weapon {unknown}
 E - a scroll of enchant armour {unknown}
 F - a scroll of silence {unknown}
 G - a scroll of acquirement {unknown}
 J - a scroll of enchant weapon {unknown}
 K - a scroll of poison {unknown}
 L - a scroll of fear {unknown}
Potions
 b - a potion of magic
 c - a potion of enlightenment {unknown}
 d - a potion of lignification {unknown}
 e - a potion of berserk rage {unknown}
 j - a potion of haste {unknown}
 p - 4 potions of degeneration
 q - 5 potions of curing
 r - a potion of brilliance {unknown}
 t - a potion of heal wounds {unknown}
 w - a potion of might {unknown}
 D - 2 potions of mutation


   Skills:
 + Level 6.3 Fighting
 + Level 6.4 Armour
 - Level 1.5 Dodging
 - Level 2.1 Stealth
 - Level 2.0 Spellcasting
 + Level 6.8 Conjurations
 + Level 3.6 Fire Magic
 + Level 8.3 Earth Magic


You had 4 spell levels left.
You knew the following spells:

 Your Spells              Type           Power      Damage    Failure   Level
a - Sandblast             Erth           100%       2d20      1%          1
b - Stone Arrow           Conj/Erth      92%        3d12      2%          3
c - Brom's Barrelling Bo  Conj/Erth      46%        2d6       8%          4

Your spell library contained the following spells:

 Spells                   Type           Power      Damage    Failure   Level
 Foxfire                  Conj/Fire      84%        2x1d8     1%          1
 Magic Dart               Conj           100%       1d8       1%          1
 Passwall                 Erth           50%        N/A       1%          3
 Static Discharge         Conj/Air       28%        3-5/arc   6%          2
 Blink                    Tloc           2%         N/A       26%         2
 Call Imp                 Summ           2%         N/A       26%         2
 Petrify                  Alch/Erth      26%        N/A       30%         4
 Airstrike                Air            0%         2d(1-17)  86%         4
 Summon Lightning Spire   Summ/Air       1%         N/A       86%         4
 Iskenderun's Battlesphe  Conj           27%        2d8       28%         5
 Bombard                  Conj/Erth      23%        9d4       75%         6
 Spellforged Servitor     Conj/Summ      7%         N/A       100%        7


Dungeon Overview and Level Annotations

Branches:
Dungeon (6/15)             Temple (1/1) D:5

Altars:
Ashenzari
Cheibriados
Elyvilon
Fedhas
Gozag
Hepliaklqana
Kikubaaqudgha
Makhleb
Nemelex Xobeh
Okawaru
Sif Muna
Trog
Uskayaw
Vehumet
Wu Jian
Xom
Yredelemnul
Zin
The Shining One

Shops:
D:9 !


Innate Abilities, Weirdness & Mutations

You are immune to sickness and miasma.
Your stone body is resilient. (AC +6)
You are immune to poison.
You resist negative energy. (rN+)
You are resistant to electric shocks. (rElec)
You are resistant to unholy torment.
You are immune to petrification.


Message History

Press: ? - help, Shift-Dir - straight line, f - yak
Aim: a yak (85% to hit)
You feel a surge of power!
The stone arrow hits the yak!
The yak is lightly wounded.
The yak gores you but does no damage.
Casting: Stone Arrow (dangerous; 2% risk of failure)
Confirm with . or Enter, or press ? or * to list all spells.
Aiming: Stone Arrow (dangerous; 2% risk of failure)
Press: ? - help, Shift-Dir - straight line, f/p - yak
Aim: a yak (lightly wounded, 85% to hit)
You feel a surge of power!
The stone arrow hits the yak!
The yak is moderately wounded.
Casting: Stone Arrow (dangerous; 2% risk of failure)
Confirm with . or Enter, or press ? or * to list all spells.
Aiming: Sandblast (safe; 1% risk of failure)
Press: ? - help, Shift-Dir - straight line, f/p - yak
Aim: a yak (moderately wounded, 91% to hit)
You feel a surge of power!
The blast of sand hits the yak.
The yak is heavily wounded.
The yak gores you. The yak gores you but does no damage.
Unknown command.
Press: ? - help, v - describe, . - travel
Here: a yak (heavily wounded)
The floor.
Casting: Sandblast (safe; 1% risk of failure)
Confirm with . or Enter, or press ? or * to list all spells.
Aiming: Sandblast (safe; 1% risk of failure)
Press: ? - help, Shift-Dir - straight line, f/p - yak
Aim: a yak (heavily wounded, 91% to hit)
You feel a surge of power!
The blast of sand hits the yak!
The yak is severely wounded.
The yak gores you!
* * * LOW HITPOINT WARNING * * *
The yak barely misses you. The yak gores you.
* * * LOW HITPOINT WARNING * * *
The yak closely misses you.
As you read the scroll labelled GIOBRO ARPHEFE, it crumbles to dust.
You feel aware of your surroundings.
It was a scroll of revelation.
The yak gores you!
You die...

#......................####
#........<.............#...
#......................#...
#............>.........'...
#........†.............#...
#........†.............####
#.....#####'##........##,,*
#.....#...YY.#........#....
#.....#...@Y.#........#....
#.....#......#........#....
#.,...#......#........#...#
#,,...#......#........#...#
*,,...#......#.(......#....
*,,...########........#....
*,,...+......#........#....
*,,...#......#........###.#
*,,,,,*,,,,,,*****#.....#.#


You could see 3 yaks.

Vanquished Creatures
  Sigmund (D:6)
  3 yaks (D:9)
  A steam dragon (D:9)
  Edmund (D:6)
  An orc warrior (D:5)
  An ogre (D:6)
  2 black bears
  3 phantoms
  A centaur (D:6)
  3 bullfrogs
  A kobold brigand (D:6)
  2 scorpions
  2 bombardier beetles
  A hound (D:6)
  4 orc priests
  3 sleepcaps (D:4)
  Jessica (D:2)
  2 iguanas (D:4)
  Natasha (thrice) (D:2)
  4 orc wizards
  11 adders
  A shadow imp (D:6)
  5 dart slugs
  A ribbon worm (D:2)
  19 orcs
  4 bats
  4 endoplasms
  2 giant cockroaches
  2 goblins
  3 hobgoblins
  5 jackals
  4 quokkas
  6 ball pythons
  4 frilled lizards
  12 kobolds
  17 rats
140 creatures vanquished.

Vanquished Creatures (collateral kills)
  2 boulders (D:9)
2 creatures vanquished.

Grand Total: 142 creatures vanquished

Notes
Turn   | Place    | Note
-------+----------+-------------------------------------------
     0 | D:1      | uglyjohn the Gargoyle Earth Elementalist began the quest
                  | for the Orb.
     0 | D:1      | Reached XP level 1. HP: 10/10 MP: 3/3
    90 | D:1      | Reached skill level 4 in Earth Magic
    90 | D:1      | Reached XP level 2. HP: 15/15 MP: 0/5
   594 | D:1      | Reached XP level 3. HP: 19/19 MP: 3/6
   598 | D:1      | Learned a level 3 spell: Stone Arrow
   789 | D:2      | Noticed Natasha
   794 | D:2      | Killed Natasha
   795 | D:2      | Reached skill level 1 in Fighting
   855 | D:2      | Noticed Jessica
   857 | D:2      | Killed Jessica
   858 | D:2      | Reached skill level 1 in Armour
   858 | D:2      | Reached XP level 4. HP: 25/25 MP: 4/7
  1199 | D:2      | Reached XP level 5. HP: 30/30 MP: 3/8
  1243 | D:2      | Noticed Natasha
  1248 | D:2      | Killed Natasha
  1249 | D:2      | Reached skill level 5 in Earth Magic
  1674 | D:2      | Noticed Natasha
  1679 | D:2      | Killed Natasha
  1680 | D:2      | Reached XP level 6. HP: 36/36 MP: 9/9
  1940 | D:3      | Found a faded altar of an unknown god.
  2648 | D:4      | Reached XP level 7. HP: 41/41 MP: 10/10
  2860 | D:4      | Reached skill level 6 in Earth Magic
  3428 | D:4      | Found a white marble altar of Elyvilon.
  3671 | D:5      | Entered Level 5 of the Dungeon
  3677 | D:5      | Learned a level 4 spell: Brom's Barrelling Boulder
  3701 | D:5      | Reached XP level 8. HP: 48/48 MP: 11/11
  3804 | D:5      | Found a staircase to the Ecumenical Temple.
  3810 | D:5      | Reached skill level 5 in Conjurations
  3819 | Temple   | Entered the Ecumenical Temple
  3847 | Temple   | Became a worshipper of Vehumet
  3961 | D:5      | Reached skill level 7 in Earth Magic
  4504 | D:6      | Noticed Edmund
  4562 | D:6      | Killed Edmund
  4563 | D:6      | Reached skill level 5 in Fighting
  4563 | D:6      | Reached skill level 5 in Armour
  4563 | D:6      | Reached skill level 1 in Fire Magic
  4747 | D:6      | Reached * piety under Vehumet
  4747 | D:6      | Offered knowledge of Foxfire by Vehumet.
  4784 | D:6      | Reached XP level 9. HP: 54/54 MP: 12/12
  4822 | D:6      | Noticed Sigmund
  4831 | D:6      | Killed Sigmund
  4953 | D:6      | Found an iron altar of Okawaru.
  5063 | D:6      | You fall into a shaft and drop 3 floors!
  5154 | D:9      | Reached skill level 8 in Earth Magic
  5233 | D:9      | Found Yfieff's Distillery.
  5241 | D:9      | Bought 2 potions of degeneration for 28 gold pieces
  5241 | D:9      | Bought 2 potions of curing for 84 gold pieces
  5354 | D:9      | Slain by a yak

Illustrated notes

Levels and vault maps discovered:
D:1:      lightli_molten_gateway, layout_rooms, hex_tiny
D:2:      cheibrodos_pilgrimage, layout_loops_ring, minmay_rat_gold_closets,
          uniq_jessica, uniq_natasha
D:3:      layout_basic, ebering_ecumenical_altar_hall
D:4:      layout_gridville, kennysheep_mini_moat, minmay_vboxes
D:5:      layout_loops_ring, minmay_temple_entry_statues_fountains,
          kennysheep_decorative_pillar, minmay_small_thing
D:6:      layout_rooms, okawaru_gym_becter, uniq_sigmund, uniq_edmund
D:9:      layout_gridville, serial_shops, shop, chequers_serial_rivers_micro_c
Temple:   minmay_crystal_spiral_temple

Skill      XL: |  1  2  3  4  5  6  7  8  9 |
---------------+----------------------------+-----
Earth Magic    | 4 5 6 7 8 |  8.3
Conjurations   | 2 3 4 6 |  6.8
Fighting       | 1 2 3 4 5 6 |  6.3
Armour         | 1 2 3 4 5 6 |  6.4
Fire Magic     | 2 3 |  3.6
Dodging        | |  1.5
Stealth        | |  2.1
Spellcasting   | |  2.0

Action                     |  1- 3 |  4- 6 |  7- 9 || total
---------------------------+-------+-------+-------++-------
  Melee: Dagger            |    18 |       |       ||    18
         Staff             |       |       |    10 ||    10
   Cast: Sandblast         |    31 |    76 |   134 ||   241
         Stone Arrow       |       |       |     7 ||     7
         Brom's Barrelling |       |       |     2 ||     2
    Use: Potion            |       |       |     1 ||     1
         Scroll            |       |       |     3 ||     3
 Armour: Robe              |    13 |    14 |    29 ||    56
         Ring mail         |       |       |    56 ||    56
         Steam dragon scal |       |       |    18 ||    18
  Dodge: Dodged            |    14 |     9 |    48 ||    71

Table legend: (Time is in decaauts)
 A = Elapsed time spent in this place.
 B = Non-inter-level travel time spent in this place.
 C = Inter-level travel time spent in this place.
 D = Time resting spent in this place.
 E = Time spent auto-exploring this place.
 F = Levels seen in this place.
 G = Mean time per level.
                   A        B        C        D        E       F      G
               +--------+--------+--------+--------+--------+-----+--------+
         Total |   5473 |   5302 |    171 |    320 |   4103 |   8 |  684.1 |
       Dungeon |   5419 |   5292 |    127 |    320 |   4103 |   7 |  774.1 |
        Temple |     53 |      9 |     44 |      0 |      0 |   1 |   53.0 |
               +--------+--------+--------+--------+--------+-----+--------+

Top non-repeatable levels by time:
     D:2: 1205 daAuts
     D:4: 1192 daAuts
     D:5: 824 daAuts
     D:1: 735 daAuts
     D:3: 614 daAuts
     D:6: 548 daAuts
     D:9: 298 daAuts
  Temple: 53 daAuts
